[Event "Najdorf Memorial-B 2022"]
[Site "Warsaw"]
[Date "2022.07.14"]
[Round "6.3"]
[White "Yasmo, Daniil"]
[Black "Trochimczuk, Szymon"]
[Result "1-0"]
[ECO "D20"]
[WhiteElo "1680"]
[BlackElo "1480"]
[Annotator "NA"]
[PlyCount "133"]
[EventDate "2022.07.09"]
[EventType "swiss"]
[EventCountry "POL"]
[SourceTitle "playchess.com"]
[Source "ChessBase"]
[SourceQuality "1"]
[TimeControl "40/5400+30:1800+30"]

1. d4 d5 2. c4 dxc4 3. Nc3 a6 4. a4 Nc6 5. Nf3 Bg4 6. d5 Na5 7. Ne5 Bd7 8. e4 Nb3 9. Ra2 Nxc1 10. Qxc1 e6 11. Bxc4 Bd6 12. Nxd7 Qxd7 13. Qg5 f6 14. Qh5+ g6 15. dxe6 gxh5 16. exd7+ Kxd7 17. O-O Ne7 18. Be2 h4 19. Bg4+ Ke8 20. b3 Kf7 21. f4 Bc5+ 22. Kh1 Bb4 23. Rc2 c6 24. e5 Bxc3 25. Rxc3 f5 26. Bh5+ Ng6 27. Rd3 Rad8 28. Rfd1 Rxd3 29. Rxd3 Ke7 30. g3 hxg3 31. hxg3 Nf8 32. Kg2 Ne6 33. b4 c5 34. bxc5 Nxc5 35. Rc3 Ne6 36. Rb3 Nc5 37. Rb6 Rg8 38. Rf6 Ne4 39. Rf7+ Ke6 40. g4 fxg4 41. Rxb7 Rf8 42. Bxg4+ Kd5 43. Rd7+ Kc6 44. Rd4 Nc5 45. f5 Nd7 46. Rd6+ Kc7 47. Re6 h5 48. Bh3 Nc5 49. Re7+ Kc6 50. f6 Nd3 51. Bf5 Nf4+ 52. Kf3 Nd5 53. Re6+ Kc5 54. Rxa6 Kd4 55. Re6 Nc7 56. Kf4 Nxe6+ 57. Bxe6 h4 58. Bh3 Kd5 59. Kf5 Kc6 60. Kg6 Kd5 61. e6 Kd6 62. e7 Rb8 63. Kf7 Ke5 64. e8=Q+ Rxe8 65. Kxe8 Kxf6 66. Kd7 Ke5 67. Kc6 1-0

[Event "Najdorf Memorial-B 2022"]
[Site "Warsaw"]
[Date "2022.07.14"]
[Round "6.4"]
[White "Jaroszuk, Marcin"]
[Black "Michalowski, Patryk"]
[Result "0-1"]
[ECO "E07"]
[WhiteElo "1476"]
[BlackElo "1726"]
[Annotator "NA"]
[PlyCount "78"]
[EventDate "2022.07.09"]
[EventType "swiss"]
[EventCountry "POL"]
[SourceTitle "playchess.com"]
[Source "ChessBase"]
[SourceQuality "1"]
[TimeControl "40/5400+30:1800+30"]

1. Nf3 d5 2. g3 Nf6 3. Bg2 e6 4. O-O Be7 5. d4 O-O 6. c4 Nbd7 7. cxd5 exd5 8. Nc3 c6 9. Qc2 Nb6 10. Ne5 Nfd7 11. Nf3 Nc4 12. h4 Nf6 13. Bf4 Nd6 14. Rad1 Bf5 15. Qc1 Nfe4 16. Ng5 Bxg5 17. hxg5 Re8 18. Rfe1 Re6 19. Bf3 Nxc3 20. bxc3 Nc4 21. g4 Bg6 22. e3 Qa5 23. Qa1 Bc2 24. Rc1 Nd2 25. Be2 Be4 26. Red1 Nf3+ 27. Kf1 Qd8 28. Qb2 b5 29. a4 a6 30. Qa3 h6 31. gxh6 Qh4 32. Bd3 Qh3+ 33. Ke2 Qxg4 34. Kf1 Qh3+ 35. Ke2 Qh5 36. Kf1 Rg6 37. h7+ Kh8 38. Bxe4 Rg1+ 39. Ke2 Nxd4+ 0-1

[Event "Najdorf Memorial-B 2022"]
[Site "Warsaw"]
[Date "2022.07.14"]
[Round "6.5"]
[White "Kurowski, Maciej"]
[Black "Napieralski, Lucjan"]
[Result "0-1"]
[ECO "C00"]
[WhiteElo "1601"]
[BlackElo "1414"]
[Annotator "NA"]
[PlyCount "47"]
[EventDate "2022.07.09"]
[EventType "swiss"]
[EventCountry "POL"]
[SourceTitle "playchess.com"]
[Source "ChessBase"]
[SourceQuality "1"]
[TimeControl "40/5400+30:1800+30"]

1. d4 e6 2. e4 d5 3. Bd3 Nf6 4. e5 Nfd7 5. Nf3 c5 6. c3 Nc6 7. O-O Qb6 8. Bc2 cxd4 9. cxd4 Nb4 10. Ba4 Be7 11. Nc3 O-O 12. Re1 f6 13. a3 Nc6 14. Bc2 fxe5 15. Na4 Qc7 16. Nxe5 Ndxe5 17. dxe5 Nxe5 18. Bxh7+ Kxh7 19. Qh5+ Kg8 20. Qxe5 Qc2 21. Bg5 Bxg5 22. Qxg5 Qxa4 23. Re3 Qf4 24. Qf5 0-1

[Event "Najdorf Memorial-B 2022"]
[Site "Warsaw"]
[Date "2022.07.14"]
[Round "6.6"]
[White "Jaszczuk, Piotr"]
[Black "Tsiapko, Andrii"]
[Result "0-1"]
[ECO "B36"]
[WhiteElo "1389"]
[BlackElo "1538"]
[Annotator "NA"]
[PlyCount "36"]
[EventDate "2022.07.09"]
[EventType "swiss"]
[EventCountry "POL"]
[SourceTitle "playchess.com"]
[Source "ChessBase"]
[SourceQuality "1"]
[TimeControl "40/5400+30:1800+30"]

1. e4 c5 2. Nf3 Nc6 3. d4 cxd4 4. Nxd4 g6 5. c4 Nf6 6. Nc3 d6 7. Be3 Ng4 8. Qd2 Nxe3 9. Qxe3 Bg7 10. Nc2 Qa5 11. Kd2 Be6 12. f4 Rc8 13. b3 b5 14. cxb5 Nb4 15. Nd4 Qb6 16. Nce2 Nc2 17. Qd3 Nxd4 18. Nxd4 Bxd4 0-1

[Event "Najdorf Memorial-B 2022"]
[Site "Warsaw"]
[Date "2022.07.14"]
[Round "6.7"]
[White "Piddubna, Bozhena"]
[Black "Adamowicz, Michal"]
[Result "1-0"]
[ECO "A28"]
[WhiteElo "1534"]
[BlackElo "1408"]
[Annotator "NA"]
[PlyCount "38"]
[EventDate "2022.07.09"]
[EventType "swiss"]
[EventCountry "POL"]
[SourceTitle "playchess.com"]
[Source "ChessBase"]
[SourceQuality "1"]
[TimeControl "40/5400+30:1800+30"]

1. c4 e5 2. Nc3 Nf6 3. Nf3 Nc6 4. e4 Bb4 5. d3 d6 6. a3 Bxc3+ 7. bxc3 Nd7 8. Be2 O-O 9. Qc2 b6 10. O-O a5 11. a4 Nc5 12. Ne1 f5 13. exf5 Bxf5 14. Bf3 Qd7 15. Bd5+ Kh8 16. Qd1 Rae8 17. d4 Ne4 18. Bxe4 Bxe4 19. f3 Bg6 1-0

[Event "Najdorf Memorial-B 2022"]
[Site "Warsaw"]
[Date "2022.07.14"]
[Round "6.8"]
[White "Swicarz, Jakub"]
[Black "Leszczewicz, Karol"]
[Result "0-1"]
[ECO "A37"]
[WhiteElo "1152"]
[BlackElo "1519"]
[Annotator "NA"]
[PlyCount "88"]
[EventDate "2022.07.09"]
[EventType "swiss"]
[EventCountry "POL"]
[SourceTitle "playchess.com"]
[Source "ChessBase"]
[SourceQuality "1"]
[TimeControl "40/5400+30:1800+30"]

1. c4 c5 2. g3 g6 3. Bg2 Bg7 4. Nc3 Nc6 5. Nf3 e6 6. d3 Nge7 7. Be3 b6 8. d4 cxd4 9. Nxd4 Bb7 10. Ncb5 d5 11. cxd5 Nxd5 12. Bxd5 exd5 13. Rc1 Qd7 14. Bf4 O-O 15. Nxc6 Bxc6 16. Nd4 Rac8 17. Nxc6 Rxc6 18. Rxc6 Qxc6 19. b3 Qc3+ 20. Bd2 Qb2 21. a4 Bc3 22. Bxc3 Qxc3+ 23. Kf1 d4 24. Qd3 Qxd3 25. exd3 Rc8 26. a5 Rc1+ 27. Kg2 Rxh1 28. Kxh1 bxa5 29. Kg2 f5 30. Kf3 Kf7 31. g4 Kf6 32. h3 Ke5 33. h4 f4 34. Ke2 Kd5 35. Kf3 Kc5 36. Kxf4 Kb4 37. Kg5 Kxb3 38. f4 a4 39. f5 a3 40. f6 a2 41. Kh6 a1=Q 42. Kxh7 Qf1 43. Kg7 a5 44. f7 a4 0-1

[Event "Najdorf Memorial-B 2022"]
[Site "Warsaw"]
[Date "2022.07.14"]
[Round "6.9"]
[White "Prokopiuk, Jakub"]
[Black "Machnik, Stanislaw"]
[Result "1-0"]
[ECO "B29"]
[WhiteElo "1481"]
[BlackElo "1381"]
[Annotator "NA"]
[PlyCount "121"]
[EventDate "2022.07.09"]
[EventType "swiss"]
[EventCountry "POL"]
[SourceTitle "playchess.com"]
[Source "ChessBase"]
[SourceQuality "1"]
[TimeControl "40/5400+30:1800+30"]

1. e4 c5 2. Nf3 Nf6 3. e5 Nd5 4. Nc3 e6 5. Nxd5 exd5 6. d4 Nc6 7. dxc5 Bxc5 8. Qxd5 Qb6 9. Bc4 Bxf2+ 10. Ke2 O-O 11. Rf1 Bc5 12. Ng5 Nd4+ 13. Kd1 Ne6 14. Ne4 d6 15. exd6 Rd8 16. Bd3 Bxd6 17. Qh5 f5 18. Nxd6 Qxd6 19. Qxf5 Nf8 20. Qf4 Qxf4 21. Bxf4 Bf5 22. Kd2 Bxd3 23. cxd3 Rd7 24. Rac1 Rad8 25. Rc3 Ne6 26. Bg3 b5 27. b4 a5 28. a3 axb4 29. axb4 Rd4 30. Rb3 R8d5 31. Re1 Nf4 32. Bxf4 Rxf4 33. g3 Rfd4 34. Rc1 Kf7 35. Rc5 Ke6 36. Rxd5 Kxd5 37. Kc3 Rg4 38. Rb2 h5 39. Rf2 h4 40. Rf5+ Kc6 41. Rc5+ Kb6 42. gxh4 Rxh4 43. Rg5 Rxh2 44. Rg6+ Kb7 45. Rxg7+ Kc6 46. Rg6+ Kd5 47. Rb6 Rh1 48. Rxb5+ Kc6 49. Rg5 Rc1+ 50. Kd4 Rb1 51. b5+ Kb6 52. Rg6+ Kxb5 53. Kd5 Rh1 54. Re6 Rh5+ 55. Re5 Rh6 56. d4 Rc6 57. Re1 Kb6 58. Re6 Rxe6 59. Kxe6 Kc7 60. d5 Kd8 61. Kd6 1-0

[Event "Najdorf Memorial-B 2022"]
[Site "Warsaw"]
[Date "2022.07.14"]
[Round "6.10"]
[White "Chekhani, Anna"]
[Black "Nawalaniec, Adam"]
[Result "0-1"]
[ECO "A59"]
[WhiteElo "1575"]
[BlackElo "1768"]
[Annotator "NA"]
[PlyCount "114"]
[EventDate "2022.07.09"]
[EventType "swiss"]
[EventCountry "POL"]
[SourceTitle "playchess.com"]
[Source "ChessBase"]
[SourceQuality "1"]
[TimeControl "40/5400+30:1800+30"]

1. d4 c5 2. d5 Nf6 3. c4 b5 4. cxb5 a6 5. bxa6 Bxa6 6. Nc3 d6 7. e4 Bxf1 8. Kxf1 g6 9. g3 Bg7 10. Kg2 O-O 11. Nf3 Nbd7 12. a4 Qb6 13. Qc2 Rfb8 14. Ra3 Ne8 15. Nb5 Qa5 16. b3 Ndf6 17. Nd2 Ng4 18. Nc4 Qa6 19. Bd2 Ne5 20. Na5 Nd7 21. f4 Nc7 22. Nxc7 Qe2+ 23. Kh3 Rxa5 24. Ra2 c4 25. bxc4 Rc5 26. Na6 Qh5+ 27. Kg2 Qe2+ 28. Kh3 Qh5+ 29. Kg2 Qe2+ 30. Kh3 Rxc4 31. Qd1 Qxd1 32. Rxd1 Ra8 33. Nb4 Rxe4 34. a5 Rd4 35. Re1 Rxd2 36. Rxd2 Bc3 37. Rde2 Bxb4 38. Rb1 Bc3 39. Rb7 Nc5 40. Rbxe7 Bxa5 41. f5 Kg7 42. fxg6 hxg6 43. Rf2 Rf8 44. Rf3 Bd8 45. Ra7 Bf6 46. Kg4 Re8 47. Ra2 Re4+ 48. Rf4 Re5 49. Rd4 Rg5+ 50. Kf4 Rf5+ 51. Ke3 Bxd4+ 52. Kxd4 Re5 53. Ra8 Re4+ 54. Kc3 Re2 55. Rd8 Rxh2 56. Kd4 Rd2+ 57. Kc4 Nb7 0-1

[Event "Najdorf Memorial-B 2022"]
[Site "Warsaw"]
[Date "2022.07.14"]
[Round "6.11"]
[White "Morczynski, Joachim"]
[Black "Flis, Piotr"]
[Result "1/2-1/2"]
[ECO "C22"]
[WhiteElo "1762"]
[BlackElo "1523"]
[Annotator "NA"]
[PlyCount "62"]
[EventDate "2022.07.09"]
[EventType "swiss"]
[EventCountry "POL"]
[SourceTitle "playchess.com"]
[Source "ChessBase"]
[SourceQuality "1"]
[TimeControl "40/5400+30:1800+30"]

1. e4 e5 2. d4 exd4 3. Qxd4 Nc6 4. Qe3 Nf6 5. Nc3 Bb4 6. Bd2 d6 7. O-O-O Qe7 8. f4 O-O 9. Bd3 Bxc3 10. Bxc3 Nd5 11. Qd2 Nxc3 12. Qxc3 f5 13. Re1 fxe4 14. Bxe4 Qf6 15. Ne2 Bd7 16. Bd5+ Kh8 17. Rhf1 Rae8 18. Qf3 Be6 19. g4 Bxd5 20. Qxd5 Qe6 21. Qxe6 Rxe6 22. Nc3 Rxe1+ 23. Rxe1 g6 24. Nd5 Kg7 25. Nxc7 Kf7 26. Nd5 a5 27. c3 Ra8 28. Kc2 b5 29. a3 Rb8 30. Re4 Rb7 31. b4 a4 1/2-1/2

[Event "Najdorf Memorial-B 2022"]
[Site "Warsaw"]
[Date "2022.07.14"]
[Round "6.12"]
[White "Tomalak, Stanislaw"]
[Black "Nowak, Lukasz"]
[Result "1-0"]
[ECO "A06"]
[WhiteElo "1554"]
[BlackElo "2327"]
[Annotator "ChessBase"]
[PlyCount "47"]
[EventDate "2022.07.09"]
[EventType "swiss"]
[EventCountry "POL"]
[SourceTitle "playchess.com"]
[Source "ChessBase"]
[SourceQuality "1"]
[TimeControl "40/5400+30:1800+30"]

1. Nf3 d5 2. g3 Nd7 3. d3 e5 4. Nbd2 Ngf6 5. e4 c6 6. Bg2 Bc5 7. O-O O-O 8. h3 Qc7 9. Re1 Qb6 10. Qe2 Nh5 11. Nf1 Re8 12. exd5 cxd5 13. d4 Bxd4 14. Nxd4 Nxg3 15. Nxg3 Qxd4 16. Rd1 Qa4 17. b3 Qh4 18. Rxd5 Nf6 19. Rxe5 Bxh3 20. Bg5 Qd4 21. Re1 Rxe5 22. Qxe5 Qd7 23. Bxf6 Bxg2 24. Qg5 1-0

[Event "Najdorf Memorial-B 2022"]
[Site "Warsaw"]
[Date "2022.07.14"]
[Round "6.13"]
[White "Nocek, Dominik"]
[Black "Mossakowski, Jakub"]
[Result "1-0"]
[ECO "B91"]
[WhiteElo "1682"]
[BlackElo "1487"]
[Annotator "NA"]
[PlyCount "51"]
[EventDate "2022.07.09"]
[EventType "swiss"]
[EventCountry "POL"]
[SourceTitle "playchess.com"]
[Source "ChessBase"]
[SourceQuality "1"]
[TimeControl "40/5400+30:1800+30"]

1. e4 c5 2. Nf3 d6 3. d4 cxd4 4. Nxd4 Nf6 5. Nc3 a6 6. g3 e5 7. Nde2 Be7 8. Bg2 h5 9. h3 Nc6 10. O-O b5 11. Be3 Bb7 12. a4 b4 13. Nd5 Nxd5 14. exd5 Na7 15. a5 h4 16. g4 Qd7 17. f4 Nb5 18. Qd2 Rc8 19. Be4 Qc7 20. Ra4 exf4 21. Nxf4 Bf6 22. Bb6 Qe7 23. Rxb4 O-O 24. Re1 Rfe8 25. Bh7+ Kxh7 26. Rxe7 1-0

[Event "Najdorf Memorial-B 2022"]
[Site "Warsaw"]
[Date "2022.07.14"]
[Round "6.14"]
[White "Kowalski, Witold"]
[Black "Jarmolowski, Tadeusz"]
[Result "0-1"]
[ECO "B33"]
[WhiteElo "1673"]
[BlackElo "1482"]
[Annotator "NA"]
[PlyCount "55"]
[EventDate "2022.07.09"]
[EventType "swiss"]
[EventCountry "POL"]
[SourceTitle "playchess.com"]
[Source "ChessBase"]
[SourceQuality "1"]
[TimeControl "40/5400+30:1800+30"]

1. e4 c5 2. Nf3 Nc6 3. d4 cxd4 4. Nxd4 Nf6 5. Nc3 e6 6. Ndb5 Bb4 7. a3 Bxc3+ 8. Nxc3 d5 9. exd5 Nxd5 10. Nxd5 exd5 11. Bd3 Qe7+ 12. Qe2 Qxe2+ 13. Kxe2 O-O 14. Bf4 Bf5 15. Bxf5 Nd4+ 16. Kf1 Nxf5 17. Rd1 Rfd8 18. g4 Ne7 19. h3 Rac8 20. c3 f6 21. Kg2 Kf7 22. Rd3 b5 23. Rhd1 Rd7 24. a4 Rc4 25. Rd4 Rxa4 26. Rxa4 bxa4 27. Ra1 Rb7 28. Rxa4 0-1

[Event "Najdorf Memorial-B 2022"]
[Site "Warsaw"]
[Date "2022.07.14"]
[Round "6.15"]
[White "Wasiluk, Mateusz"]
[Black "Wieckowski, Michal"]
[Result "0-1"]
[ECO "A59"]
[WhiteElo "1496"]
[BlackElo "1669"]
[Annotator "NA"]
[PlyCount "110"]
[EventDate "2022.07.09"]
[EventType "swiss"]
[EventCountry "POL"]
[SourceTitle "playchess.com"]
[Source "ChessBase"]
[SourceQuality "1"]
[TimeControl "40/5400+30:1800+30"]

1. d4 Nf6 2. c4 c5 3. d5 b5 4. cxb5 a6 5. bxa6 Bxa6 6. Nc3 d6 7. e4 Bxf1 8. Kxf1 g6 9. g3 Bg7 10. Nf3 Nbd7 11. Kg2 O-O 12. h3 Qa5 13. Bg5 Rfb8 14. Qe2 h6 15. Bxf6 Bxf6 16. Qc2 Ra7 17. Rab1 Rab7 18. Nd2 Nb6 19. Rhe1 Ra7 20. Nb3 Qa6 21. f4 Bd4 22. Ne2 Bg7 23. a3 Nc4 24. Nec1 Qb5 25. Qd3 Nxb2 26. Qxb5 Rxb5 27. e5 Nc4 28. Nd2 Rxb1 29. Nxb1 Nxa3 30. Nxa3 Rxa3 31. exd6 exd6 32. Re8+ Bf8 33. Kf2 f5 34. Re3 Ra4 35. Ne2 Kf7 36. g4 h5 37. gxf5 gxf5 38. Kf3 h4 39. Re6 Ra3+ 40. Re3 Ra1 41. Kf2 Rd1 42. Nc3 Rd4 43. Kf3 Bh6 44. Nb5 Rxd5 45. Nc7 Rd4 46. Ne6 Re4 47. Nc7 Rxf4+ 48. Kg2 Rg4+ 49. hxg4 Bxe3 50. gxf5 c4 51. Nd5 Bd2 52. Kh3 c3 53. Nb4 Be1 54. Nd3 c2 55. Nxe1 c1=Q 0-1

[Event "Najdorf Memorial-B 2022"]
[Site "Warsaw"]
[Date "2022.07.14"]
[Round "6.16"]
[White "Szewczyk, Michal"]
[Black "Marczuk, Wojciech"]
[Result "0-1"]
[ECO "B01"]
[WhiteElo "1668"]
[BlackElo "1324"]
[Annotator "NA"]
[PlyCount "60"]
[EventDate "2022.07.09"]
[EventType "swiss"]
[EventCountry "POL"]
[SourceTitle "playchess.com"]
[Source "ChessBase"]
[SourceQuality "1"]
[TimeControl "40/5400+30:1800+30"]

1. e4 d5 2. exd5 Nf6 3. Nc3 Nxd5 4. d4 g6 5. Nf3 Bg7 6. Nxd5 Qxd5 7. Bd3 Bg4 8. c3 Nc6 9. h3 Bxf3 10. gxf3 O-O-O 11. Be4 Qb5 12. a4 Qb6 13. a5 Nxa5 14. b4 Nc6 15. Qa4 Nxd4 16. cxd4 Bxd4 17. Ra2 Qe6 18. Kf1 Rd6 19. b5 f5 20. Bb1 Rhd8 21. Kg2 Bb6 22. Qc2 Rd3 23. Bf4 R8d7 24. Bxc7 Bxc7 25. Rxa7 R7d4 26. Ba2 Qb6 27. Ra8+ Kd7 28. Re1 Rd2 29. Qb3 Rxf2+ 30. Kxf2 Rd2+ 0-1

[Event "Najdorf Memorial-B 2022"]
[Site "Warsaw"]
[Date "2022.07.14"]
[Round "6.17"]
[White "Jankowski, Franciszek"]
[Black "Carrieri, Maurizio"]
[Result "0-1"]
[ECO "A57"]
[WhiteElo "1483"]
[BlackElo "1666"]
[Annotator "NA"]
[PlyCount "92"]
[EventDate "2022.07.09"]
[EventType "swiss"]
[EventCountry "POL"]
[SourceTitle "playchess.com"]
[Source "ChessBase"]
[SourceQuality "1"]
[TimeControl "40/5400+30:1800+30"]

1. d4 Nf6 2. c4 c5 3. d5 b5 4. cxb5 a6 5. b6 Qxb6 6. Nc3 g6 7. e4 d6 8. Nf3 Bg7 9. Be2 Nbd7 10. O-O O-O 11. Nd2 Ne8 12. Nc4 Qd8 13. Be3 Nb6 14. Qd2 Nxc4 15. Bxc4 Nc7 16. Bh6 Qd7 17. Bxg7 Kxg7 18. a4 a5 19. f4 Ba6 20. b3 Bxc4 21. bxc4 Na6 22. Rae1 Nb4 23. e5 Rae8 24. e6 fxe6 25. Rxe6 Rf6 26. Rfe1 Rxe6 27. Rxe6 Rf8 28. Qe2 Rf7 29. h4 Kf8 30. g3 Rf6 31. Qg4 Rxe6 32. dxe6 Qe8 33. f5 Nc6 34. Qf4 gxf5 35. Qxf5+ Kg7 36. h5 Nd4 37. Qg4+ Kh8 38. Ne4 Qg8 39. Ng5 Qxg5 40. Qxg5 Nf3+ 41. Kf2 Nxg5 42. h6 Nxe6 43. Ke3 Kg8 44. Ke4 Nc7 45. g4 e6 46. g5 Kf7 0-1

[Event "Najdorf Memorial-B 2022"]
[Site "Warsaw"]
[Date "2022.07.15"]
[Round "7.1"]
[White "Bubien, Antoni"]
[Black "Terkiewicz, Bruno"]
[Result "1-0"]
[ECO "B24"]
[WhiteElo "1472"]
[BlackElo "1473"]
[Annotator "NA"]
[PlyCount "93"]
[EventDate "2022.07.09"]
[EventType "swiss"]
[EventCountry "POL"]
[SourceTitle "playchess.com"]
[Source "ChessBase"]
[SourceQuality "1"]
[TimeControl "40/5400+30:1800+30"]

1. e4 c5 2. Nc3 Nc6 3. g3 g6 4. Bg2 Bg7 5. f4 e6 6. Nf3 Nge7 7. O-O O-O 8. d3 d5 9. Kh1 b6 10. Qe1 Bb7 11. g4 Nd4 12. Nxd4 cxd4 13. f5 exf5 14. exf5 Nxf5 15. gxf5 dxc3 16. bxc3 Re8 17. Qf2 f6 18. h4 Re5 19. Qg3 Qe8 20. Bb2 Qf7 21. Rae1 Rae8 22. Rxe5 Rxe5 23. c4 Re2 24. Qb8+ Bf8 25. fxg6 hxg6 26. Rxf6 Qe7 27. Qg3 d4 28. Rxf8+ Kxf8 29. Qb8+ Kf7 30. Qxb7 Qxb7 31. Bxb7 Rxc2 32. Bxd4 Rxa2 33. c5 Rc2 34. cxb6 axb6 35. Bxb6 Rc1+ 36. Kg2 Rb1 37. Bd5+ Kf6 38. Bd4+ Kf5 39. Kf3 Rf1+ 40. Kg3 Re1 41. Be4+ Rxe4 42. dxe4+ Kxe4 43. Kg4 Kxd4 44. Kg5 Ke5 45. Kxg6 Ke6 46. h5 Ke7 47. Kg7 1-0

[Event "Najdorf Memorial-B 2022"]
[Site "Warsaw"]
[Date "2022.07.15"]
[Round "7.2"]
[White "Michalowski, Patryk"]
[Black "Piddubna, Bozhena"]
[Result "1/2-1/2"]
[ECO "C77"]
[WhiteElo "1726"]
[BlackElo "1534"]
[Annotator "NA"]
[PlyCount "72"]
[EventDate "2022.07.09"]
[EventType "swiss"]
[EventCountry "POL"]
[SourceTitle "playchess.com"]
[Source "ChessBase"]
[SourceQuality "1"]
[TimeControl "40/5400+30:1800+30"]

1. e4 e5 2. Nf3 Nc6 3. Bb5 a6 4. Ba4 Nf6 5. Nc3 Bb4 6. Nd5 Bc5 7. c3 O-O 8. d4 exd4 9. cxd4 Nxd5 10. dxc5 Nf6 11. e5 Qe7 12. Bxc6 dxc6 13. Bg5 Bg4 14. O-O Bxf3 15. exf6 gxf6 16. Qxf3 fxg5 17. Qc3 Rfe8 18. Rae1 Qf8 19. Re5 Qg7 20. Rfe1 Rxe5 21. Rxe5 Rd8 22. h3 h6 23. Qe3 Qf6 24. Re7 Rc8 25. b4 Kg7 26. a3 Qf4 27. Qxf4 gxf4 28. Re4 Rd8 29. Rxf4 Rd3 30. a4 b6 31. Rc4 Rb3 32. Kh2 bxc5 33. bxc5 a5 34. Rg4+ Kf6 35. Rf4+ Kg6 36. Rg4+ Kf5 1/2-1/2

[Event "Najdorf Memorial-B 2022"]
[Site "Warsaw"]
[Date "2022.07.15"]
[Round "7.3"]
[White "Napieralski, Lucjan"]
[Black "Yasmo, Daniil"]
[Result "1/2-1/2"]
[ECO "B28"]
[WhiteElo "1414"]
[BlackElo "1680"]
[Annotator "NA"]
[PlyCount "98"]
[EventDate "2022.07.09"]
[EventType "swiss"]
[EventCountry "POL"]
[SourceTitle "playchess.com"]
[Source "ChessBase"]
[SourceQuality "1"]
[TimeControl "40/5400+30:1800+30"]

1. e4 c5 2. Nf3 a6 3. d4 cxd4 4. Nxd4 Nf6 5. Bd3 Nc6 6. Nxc6 bxc6 7. c4 e5 8. Nc3 Bb4 9. O-O O-O 10. a3 Bxc3 11. bxc3 d6 12. Kh1 Nd7 13. Bc2 Nc5 14. Be3 Be6 15. Qe2 Qa5 16. Bd2 Rab8 17. f4 Rb2 18. Rfc1 f6 19. h4 Rfb8 20. h5 exf4 21. Bxf4 Nb3 22. Bxd6 Nxc1 23. Rxc1 Rd8 24. Bb4 Qg5 25. Rd1 Re8 26. Qd3 Qxh5+ 27. Kg1 c5 28. Ba5 Qf7 29. e5 f5 30. Ba4 Rf8 31. Qd6 f4 32. Bc6 Bxc4 33. Qxc5 Be6 34. Bb4 Rc8 35. Qd6 Kh8 36. Be4 Rg8 37. Qxa6 f3 38. Bxf3 Bg4 39. Qf1 Qa7+ 40. Kh1 Rf2 41. Bxg4 Rxf1+ 42. Rxf1 Qa6 43. Rd1 Qc4 44. Rd4 Qf1+ 45. Kh2 h5 46. Bh3 g5 47. Be7 g4 48. Bf6+ Kh7 49. Rd7+ Kg6 1/2-1/2

[Event "Najdorf Memorial-B 2022"]
[Site "Warsaw"]
[Date "2022.07.15"]
[Round "7.4"]
[White "Dysko, Michal"]
[Black "Slusarczyk, Anna"]
[Result "1/2-1/2"]
[ECO "B77"]
[WhiteElo "1376"]
[BlackElo "1637"]
[Annotator "NA"]
[PlyCount "45"]
[EventDate "2022.07.09"]
[EventType "swiss"]
[EventCountry "POL"]
[SourceTitle "playchess.com"]
[Source "ChessBase"]
[SourceQuality "1"]
[TimeControl "40/5400+30:1800+30"]

1. e4 c5 2. Nf3 d6 3. d4 cxd4 4. Nxd4 Nc6 5. Nc3 g6 6. f3 Nf6 7. Bc4 Bg7 8. Be3 O-O 9. Qd2 a6 10. O-O-O Ne5 11. Be2 Qc7 12. h4 b5 13. Bh6 e6 14. h5 Rb8 15. g4 Nc4 16. Bxc4 bxc4 17. Bxg7 Qb7 18. b3 Kxg7 19. hxg6 fxg6 20. Qh6+ Kg8 21. Nde2 Qc7 22. Kb2 Rf7 23. Qe3 1/2-1/2

[Event "Najdorf Memorial-B 2022"]
[Site "Warsaw"]
[Date "2022.07.15"]
[Round "7.5"]
[White "Tsiapko, Andrii"]
[Black "Prokopiuk, Jakub"]
[Result "1/2-1/2"]
[ECO "A48"]
[WhiteElo "1538"]
[BlackElo "1481"]
[Annotator "NA"]
[PlyCount "52"]
[EventDate "2022.07.09"]
[EventType "swiss"]
[EventCountry "POL"]
[SourceTitle "playchess.com"]
[Source "ChessBase"]
[SourceQuality "1"]
[TimeControl "40/5400+30:1800+30"]

1. d4 Nf6 2. Nf3 g6 3. Nbd2 Bg7 4. e4 d6 5. Bc4 O-O 6. O-O c5 7. dxc5 dxc5 8. e5 Ng4 9. e6 f5 10. Qe2 a6 11. a4 Qc7 12. c3 Nc6 13. Nb3 Nce5 14. Bf4 Nxf3+ 15. Qxf3 Be5 16. Bxe5 Qxe5 17. g3 Rb8 18. Rfe1 Qc7 19. Qf4 Qxf4 20. gxf4 b5 21. axb5 axb5 22. Bd5 Nf6 23. Bf3 c4 24. Nd4 Bb7 25. Kg2 Bxf3+ 26. Kxf3 Rb7 1/2-1/2

[Event "Najdorf Memorial-B 2022"]
[Site "Warsaw"]
[Date "2022.07.15"]
[Round "7.6"]
[White "Leszczewicz, Karol"]
[Black "Nawalaniec, Adam"]
[Result "0-1"]
[ECO "B06"]
[WhiteElo "1519"]
[BlackElo "1768"]
[Annotator "NA"]
[PlyCount "118"]
[EventDate "2022.07.09"]
[EventType "swiss"]
[EventCountry "POL"]
[SourceTitle "playchess.com"]
[Source "ChessBase"]
[SourceQuality "1"]
[TimeControl "40/5400+30:1800+30"]

1. d4 d6 2. Nf3 g6 3. e4 Bg7 4. c4 Bg4 5. Be2 Nd7 6. h3 Bxf3 7. Bxf3 c5 8. d5 Ngf6 9. Nc3 O-O 10. O-O Ne8 11. Qc2 Nc7 12. Be2 a6 13. Rb1 b5 14. b3 Rb8 15. Bb2 Nb6 16. Nd1 Qd7 17. Bxg7 Kxg7 18. Bd3 bxc4 19. bxc4 Qa4 20. Ne3 Qxc2 21. Bxc2 Rb7 22. Rb2 Rbb8 23. Rfb1 Nd7 24. Rb7 Rbc8 25. Ba4 Rfd8 26. Bxd7 Rxd7 27. Ra7 Ra8 28. Rbb7 Rxa7 29. Rxa7 Kf8 30. Nd1 Ke8 31. Nc3 Kd8 32. Na4 Kc8 33. Nb6+ Kb8 34. Nxd7+ Kxa7 35. e5 Na8 36. g4 Nb6 37. Nxb6 Kxb6 38. f4 f6 39. exd6 exd6 40. Kf2 Ka5 41. Ke3 Kb4 42. Kd3 g5 43. fxg5 fxg5 44. a3+ Kxa3 45. Ke4 Kb4 46. Kf5 a5 47. Ke6 a4 48. Kxd6 a3 49. Ke7 a2 50. d6 a1=Q 51. d7 Qe5+ 52. Kf7 Qd6 53. Ke8 Qe6+ 54. Kd8 Ka5 55. Kc7 Qb6+ 56. Kc8 Ka6 57. d8=N Qd6 58. Nf7 Qe7 59. Nd8 Kb6 0-1

[Event "Najdorf Memorial-B 2022"]
[Site "Warsaw"]
[Date "2022.07.15"]
[Round "7.7"]
[White "Krogulski, Maksymilian"]
[Black "Morczynski, Joachim"]
[Result "1/2-1/2"]
[ECO "B22"]
[WhiteElo "1584"]
[BlackElo "1762"]
[Annotator "NA"]
[PlyCount "122"]
[EventDate "2022.07.09"]
[EventType "swiss"]
[EventCountry "POL"]
[SourceTitle "playchess.com"]
[Source "ChessBase"]
[SourceQuality "1"]
[TimeControl "40/5400+30:1800+30"]

1. e4 c5 2. c3 d5 3. exd5 Qxd5 4. d4 Bf5 5. Na3 Nc6 6. Nf3 cxd4 7. Nxd4 Nxd4 8. Qxd4 Qxd4 9. cxd4 Nf6 10. Nb5 Kd7 11. Bc4 e6 12. a3 a6 13. Nc3 Rc8 14. Be2 Ne4 15. Nxe4 Bxe4 16. f3 Bd5 17. Bd2 Be7 18. Bc3 Bc4 19. Bd1 Bf6 20. Bc2 Bg5 21. Kf2 f5 22. Rad1 Ke7 23. Rhe1 Kf7 24. Ba4 Rhd8 25. Ba5 Rd5 26. Bc3 Bf6 27. Ke3 b5 28. Bc2 g5 29. g3 h5 30. f4 Rd7 31. Rd2 Rg8 32. Bd1 h4 33. Bh5+ Ke7 34. Bf3 hxg3 35. hxg3 gxf4+ 36. gxf4 Rg3 37. Kf2 Bh4 38. Rh1 Rh3+ 39. Ke3 Rxf3+ 40. Kxf3 Bd5+ 41. Ke3 Bxh1 42. Rh2 Be4 43. Rxh4 Kd6 44. Rh8 Rg7 45. Rd8+ Kc7 46. Ba5+ Kb7 47. d5 Bxd5 48. Kd4 Rg2 49. Bc3 Re2 50. Kc5 Re4 51. Be5 Rc4+ 52. Kd6 b4 53. axb4 Rxb4 54. Ke7 Re4 55. Rd7+ Kb6 56. Rd6+ Kb5 57. Rxe6 Bxe6 58. Kxe6 a5 59. Kxf5 Rxf4+ 60. Kxf4 Kb4 61. Bd6+ Kb3 1/2-1/2